 Dungeon Crawl Stone Soup version 0.27.0-66-gdc8fb28755 (webtiles) character file.

Game seed: 6347644585117901610

132930 Revguard the Fighter (level 16, 0/217 HPs)
             Began as a Demonspawn Berserker on Aug 20, 2021.
             Was the Champion of Trog.
             Slain by a faun (15 damage)
             ... led by a satyr
             ... on level 4 of the Shoals.
             The game lasted 01:27:45 (21470 turns).

Revguard the Fighter (Demonspawn Berserker)        Turns: 21470, Time: 01:27:46

Health: 0/217      AC: 22    Str: 21    XL:     16   Next: 58%
Magic:  16/16      EV: 20    Int:  9    God:    Trog [******]
Gold:   2227       SH:  0    Dex: 20    Spells: 15/15 levels left

rFire    + + .     SeeInvis .   w - +5 executioner's axe (flame)
rCold    . . .     Faith    .   (shield currently unavailable)
rNeg     + . .     Spirit   .   R - +2 pearl dragon scales
rPois    .         Reflect  .   (no helmet)
rElec    .         Harm     .   L - scarf {rC+ rF+}
rCorr    .         Rampage  .   v - +3 pair of gauntlets of War {Slay+5}
Will     +....     Clarity  +   (boots unavailable)
Stlth    ..........             i - amulet of regeneration
HPRegen  8.46/turn              A - ring of a Hundred Nightingales {Fire Dex+4 Slay+2}
MPRegen  0.15/turn              e - ring of flight

@: berserking, lit by a corona, weak-willed, strong-willed (expiring), flying,
regenerating (expiring), glowing, very quick
A: hooves 3, powered by death 2, spiny 1, sturdy frame 2, clarity, robust 1,
screaming 1
a: Renounce Religion, Berserk, Trog's Hand, Brothers in Arms


You were on level 4 of the Shoals.
You worshipped Trog.
Trog was exalted by your worship.
You visited 4 branches of the dungeon, and saw 27 of its levels.

You collected 3075 gold pieces.
You spent 848 gold pieces at shops.

Inventory:

Hand Weapons
 w - a +5 executioner's axe of flaming (weapon)
 J - a +4 battleaxe of draining
Missiles
 Q - a throwing net (quivered)
Armour
 v - the +3 pair of gauntlets of War (worn) {Slay+5}
   (You found it on level 5 of the Lair of Beasts)

   Slay:      It affects your accuracy & damage with ranged weapons and melee
   (+5).
 y - a +5 ring mail of fire resistance
 C - a +2 cloak of poison resistance
 L - a scarf of resistance (worn)
 R - +2 pearl dragon scales (worn)
Jewellery
 e - a ring of flight (right hand)
 g - a +6 ring of strength
 i - an amulet of regeneration (around neck)
 r - a ring of see invisible
 A - the ring of a Hundred Nightingales (left hand) {Fire Dex+4 Slay+2}
   (You found it on level 9 of the Dungeon)

   [ring of fire]

   It enhances your fire magic.
   Dex:       It affects your dexterity (+4).
   Slay:      It affects your accuracy & damage with ranged weapons and melee
   (+2).
   rF:        It protects you from fire.
   rC:        It makes you vulnerable to cold.
 F - a +4 ring of evasion
 I - an amulet of guardian spirit
 O - a ring of protection from fire
Wands
 a - a wand of paralysis (10)
 k - a wand of mindburst (32)
 q - a wand of charming (7)
 t - a wand of polymorph (19)
 u - a wand of iceblast (36)
 x - a wand of acid (15)
 z - a wand of flame (74)
Scrolls
 d - 6 scrolls of fear
 f - 5 scrolls of vulnerability
 l - 4 scrolls of magic mapping
 m - 19 scrolls of teleportation
 D - 14 scrolls of identify
 H - a scroll of holy word
 M - a scroll of summoning
Potions
 c - 4 potions of mutation
 n - 2 potions of heal wounds
 o - 3 potions of cancellation
 p - 4 potions of ambrosia
 s - 12 potions of curing
 B - 5 potions of haste
 G - 3 potions of might
 K - 4 potions of flight
 N - a potion of magic
Miscellaneous
 b - a tin of tremorstones (2/2)
 h - a condenser vane (inert)
 j - a box of beasts
 E - a piece from Xom's chessboard (15/15)
 P - a lightning rod (4/4)


   Skills:
 + Level 13.9 Fighting
 + Level 13.0 Axes
 + Level 12.8 Armour
 + Level 12.9 Dodging
 + Level 12.6 Evocations


You had 15 spell levels left.
You didn't know any spells.
Your spell library contained the following spells:

 Spells                   Type           Power      Damage    Failure   Level
 Sublimation of Blood     Necr           0%         N/A       65%         2
 Wereblood                Tmut           0%         N/A       65%         2
 Summon Hydra             Summ           0%         N/A       100%        7


Dungeon Overview and Level Annotations

Branches:
Dungeon (15/15)            Temple (0/1) D:4            Lair (6/6) D:8
 Shoals (4/4) Lair:2        Snake (0/4) Lair:4        Slime (0/5) Lair:5
    Orc (2/2) D:11            Elf (0/3) Orc:2        Vaults (0/5) D:13
 Depths (0/5) D:15

Altars:
Ashenzari
Cheibriados
Dithmenos
Elyvilon
Fedhas
Makhleb
Okawaru
Qazlal
Sif Muna
Uskayaw
Wu Jian
Zin
Beogh

Shops:
D:3 :   D:8 [[[[(   D:14 *   Orc:1 [   Orc:2 ([[?   Shoals:2 [

Annotations:
D:4 1 runed translucent door
Lair:3 Malachi's ghost, journeyman TrMo


Innate Abilities, Weirdness & Mutations

You have hooves in place of feet.
You regenerate health from kills.
You are partially covered in sharp spines.
Your movements are less encumbered by armour. (ER -4)
You possess an exceptional clarity of mind.
You are robust. (+10% HP)
You occasionally shout uncontrollably at your foes.


Message History

The satyr unwields a +0 longbow.
The satyr wields a +0 spear.
The satyr hits you but does no damage.
Your skin crawls.
You feel strong-willed. The harpy misses you. The harpy claws you.
The harpy closely misses you. The harpy barely misses you.
The harpy completely misses you. The harpy claws you but does no damage.
The merfolk is struck by your spines. The merfolk misses you.
The faun is struck by your spines. The faun hits you with a +0 club!
* * * LOW HITPOINT WARNING * * *
A red film seems to cover your vision as you go berserk!
You feel yourself moving faster!
You feel mighty!
You feel the effects of Trog's Hand fading.
The harpy barely misses you. The harpy closely misses you.
The harpy claws you but does no damage. x2; The harpy claws you!
* * * LOW HITPOINT WARNING * * *
The harpy claws you!
* * * LOW HITPOINT WARNING * * *
The satyr unwields a +0 spear.
The satyr wields a +0 longbow.
The satyr shoots an arrow.
The arrow hits you!
* * * LOW HITPOINT WARNING * * *
The merfolk hits you with a +0 trident.
* * * LOW HITPOINT WARNING * * *
The faun hits you with a +0 club!
* * * LOW HITPOINT WARNING * * *
You slice the satyr!! You burn the satyr! Your kick misses the satyr.
The satyr is heavily wounded.
You slice the merfolk!! You burn the merfolk!
You kill the merfolk!
Trog accepts your kill.
You closely miss the harpy. You slice the harpy!! You burn the harpy.
You kill the harpy!
Trog accepts your kill.
You completely miss the faun. The harpy is struck by your spines.
The harpy barely misses you. x2; The harpy misses you.
The harpy barely misses you.
The satyr plays a frightful melody on his pipes!
The satyr radiates an aura of fear!
You are unaffected.
The faun is struck by your spines. The faun hits you with a +0 club!
You die...

≈≈≈PPP..P.....##
≈PPP≈PPPP..P..≈#
≈P≈PPP......≈.≈#
≈P≈P≈P...P..≈.≈#
≈≈P.........≈.≈##
..PP.........≈..#
...PP..†.<......≈
.....H.†c........
.P.....@H........
......)cc......≈≈
......$........≈≈
.............≈≈≈≈
............≈≈≈≈≈
....##....≈≈≈≈≈≈≈
.... ......≈≈≈≈≈
... .......≈≈≈


You could see a satyr, 2 fauns and 2 harpies.

Vanquished Creatures
  Frances (D:13)
  2 krakens
  Kirke (Lair:6)
  An orc warlord (Orc:2)
  A dire elephant (Lair:6)
  2 merfolk javelineers
  A merfolk impaler (Shoals:2)
  Josephine (D:10)
  14 hydras
  A rakshasa (D:15)
  3 boulder beetles
  2 vault guards (D:13)
  Erica (D:11)
  Erolcha (D:12)
  3 merfolk avatars
  3 centaur warriors
  2 merfolk aquamancers
  A catoblepas (Lair:6)
  A dancing weapon (D:15)
  5 two-headed ogres
  A deep troll shaman (Lair:6)
  3 alligator snapping turtles
  A tengu warrior (D:14)
  7 death yaks (Lair:6)
  Nergalle (D:10)
  Sonja (Lair:5)
  3 skeletal warriors (D:13)
  5 sea snakes
  3 wizards
  Pikel (D:6)
  3 deep elf pyromancers
  3 orc knights (Orc:2)
  9 harpies
  3 necromancers (D:13)
  5 ugly things
  3 orc sorcerers (Orc:2)
  5 cyclopes
  14 fauns
  8 manticores
  8 elephants
  Maurice (D:9)
  5 merfolk sirens
  3 centaur zombies
  2 gargoyles
  6 black mambas
  13 cane toads
  A torpor snail (Lair:5)
  4 water nymphs
  2 unseen horrors
  A rime drake (Lair:3)
  8 komodo dragons
  An efreet (D:15)
  A kobold demonologist (D:12)
  3 tengu conjurers
  2 polar bears
  4 trolls
  5 wind drakes
  3 hornets
  18 merfolk
  25 blink frogs
  6 snapping turtles
  8 water elementals
  3 shadows
  2 vampires
  57 yaks
  Sigmund (D:3)
  2 spriggans (Lair:3)
  6 wraiths
  2 hogs (Lair:6)
  17 humans (D:13)
  7 basilisks
  7 wyverns
  4 vampire mosquitoes (D:12)
  The ghost of VolelikeOfTheReadme the Magician, an amateur DjFE (D:4)
  4 nagas (Lair:4)
  7 wargs
  19 water moccasins
  2 acid dragons (D:11)
  An ice beast (D:6)
  A hornet zombie (D:5)
  30 orc warriors
  7 black bears
  7 ogres
  4 centaurs
  A necrophage (D:5)
  2 wolves (Lair:6)
  2 phantoms
  2 lemures (D:6)
  2 kobold brigands
  10 bullfrogs
  5 scorpions
  A water moccasin skeleton (D:5)
  A troll zombie (D:11)
  3 killer bees (D:9)
  9 wights
  An electric eel (Lair:6)
  6 howler monkeys
  4 hounds
  4 jellies
  19 orc priests
  A bullfrog skeleton (D:4)
  2 centaur skeletons
  Natasha (thrice) (D:4)
  26 orc wizards
  5 ogre zombies (D:11)
  A howler monkey zombie (D:6)
  7 adders
  6 gnolls
  A howler monkey skeleton (D:7)
  A river rat (D:4)
  5 white imps
  2 worms
  An adder skeleton (D:4)
  3 dart slugs
  95 orcs
  10 bats
  11 endoplasms
  2 giant cockroaches
  8 goblins
  11 hobgoblins
  6 jackals (D:3)
  4 quokkas
  4 ball pythons
  A frilled lizard (D:2)
  A goblin skeleton (D:11)
  3 goblin zombies (D:11)
  A hobgoblin skeleton (D:11)
  2 hobgoblin zombies (D:11)
  15 kobolds
  12 orc zombies (D:11)
  7 rats
  A tentacle (Shoals:2)
777 creatures vanquished.

Vanquished Creatures (collateral kills)
  Roxanne (D:14)
  A centaur warrior (D:15)
  A boulder beetle (D:13)
  2 orc sorcerers (Orc:2)
  A freezing wraith (D:15)
  A human (D:13)
  An ice beast (D:7)
  6 orc warriors
  A necrophage (D:6)
  A wight (D:7)
  A jelly (D:7)
  2 orc priests (Orc:2)
  An orc wizard (Orc:2)
  5 orcs
25 creatures vanquished.

Vanquished Creatures (others)
  A fire giant (D:15)
  A wraith (D:12)
  A human (Lair:6)
  A wolf (Lair:6)
  11 fungi
  27 plants
  7 tentacles
49 creatures vanquished.

Grand Total: 851 creatures vanquished

Notes
Turn   | Place    | Note
-------+----------+-------------------------------------------
     0 | D:1      | Revguard the Demonspawn Berserker began the quest for the
                  | Orb.
     0 | D:1      | Reached XP level 1. HP: 18/18 MP: 1/1
   422 | D:1      | Gained mutation: You regenerate a little health from kills.
                  | [demonic ancestry]
   422 | D:1      | Reached XP level 2. HP: 24/24 MP: 2/2
  1171 | D:1      | Gained mutation: You possess an exceptional clarity of
                  | mind. [potion of mutation]
  1171 | D:1      | Gained mutation: You occasionally shout uncontrollably at
                  | your foes. [potion of mutation]
  1171 | D:1      | Gained mutation: You are robust. (+10% HP) [potion of
                  | mutation]
  1207 | D:2      | Reached XP level 3. HP: 31/31 MP: 3/3
  1226 | D:2      | Found a broken altar of Ashenzari.
  1265 | D:2      | Reached ** piety under Trog
  2096 | D:3      | Reached XP level 4. HP: 38/38 MP: 4/4
  2217 | D:3      | Found Sowef's Book Emporium.
  2460 | D:3      | Gained mutation: You have large cloven feet. [demonic
                  | ancestry]
  2460 | D:3      | Reached XP level 5. HP: 43/46 MP: 5/5
  2606 | D:3      | Reached *** piety under Trog
  2697 | D:3      | Noticed Sigmund
  2703 | D:3      | Killed Sigmund
  2704 | D:3      | Reached XP level 6. HP: 53/53 MP: 6/6
  2894 | D:4      | Found a runed translucent door.
  2916 | D:4      | Found a runed translucent door.
  2917 | D:4      | Noticed Natasha
  2925 | D:4      | Killed Natasha
  2931 | D:4      | Noticed VolelikeOfTheReadme's ghost (amateur DjFE)
  2976 | D:4      | Reached XP level 7. HP: 47/60 MP: 7/7
  3101 | D:4      | Noticed Natasha
  3108 | D:4      | Killed Natasha
  3174 | D:4      | Reached skill level 5 in Fighting
  3295 | D:4      | Found a staircase to the Ecumenical Temple.
  3329 | D:4      | Noticed Natasha
  3338 | D:4      | Killed Natasha
  3399 | D:4      | Killed VolelikeOfTheReadme's ghost
  3430 | D:5      | Entered Level 5 of the Dungeon
  3519 | D:5      | Reached **** piety under Trog
  3527 | D:5      | Reached skill level 5 in Axes
  3527 | D:5      | Gained mutation: Your movements are slightly less
                  | encumbered by armour. (ER -2) [demonic ancestry]
  3527 | D:5      | Reached XP level 8. HP: 59/69 MP: 8/8
  4109 | D:6      | Reached skill level 5 in Armour
  4109 | D:6      | Reached skill level 5 in Dodging
  4335 | D:6      | Noticed Pikel
  4347 | D:6      | Killed Pikel
  4348 | D:6      | Reached XP level 9. HP: 78/78 MP: 9/9
  4484 | D:6      | Reached skill level 1 in Evocations
  4661 | D:6      | Noticed a troll
  4704 | D:6      | Noticed a troll
  4718 | D:6      | Killed a troll
  4732 | D:6      | Killed a troll
  4952 | D:7      | Found a snail-covered altar of Cheibriados.
  4972 | D:7      | You are sucked into a shaft and drop 2 floors!
  4989 | D:9      | Gained mutation: You are partially covered in sharp spines.
                  | [demonic ancestry]
  4989 | D:9      | Reached XP level 10. HP: 72/86 MP: 10/10
  5007 | D:9      | Noticed a two-headed ogre
  5024 | D:8      | Found Fynienn's Armour Emporium.
  5351 | D:7      | Found a shadowy altar of Dithmenos.
  5352 | D:7      | Found an ornate altar of the Wu Jian Council.
  5353 | D:7      | Found a burning altar of Makhleb.
  5501 | D:7      | Found a hide-covered altar of Uskayaw.
  5502 | D:7      | Found a blossoming altar of Fedhas.
  5503 | D:7      | Found a shimmering blue altar of Sif Muna.
  5503 | D:7      | Found an iron altar of Okawaru.
  5786 | D:8      | Reached ***** piety under Trog
  5908 | D:8      | Found a staircase to the Lair.
  5936 | D:8      | Found Raefaf's Weapon Shop.
  6020 | D:8      | Found Hynuz's Antique Armour Boutique.
  6111 | D:8      | Found Pidwolipp's Antique Armour Boutique.
  6240 | D:8      | Found Kil Booll's Armour Boutique.
  6455 | D:9      | Reached skill level 5 in Evocations
  6465 | D:9      | Identified the ring of a Hundred Nightingales {Fire Dex+4
                  | Slay+2}
  6503 | D:9      | Noticed Maurice
  6516 | D:9      | Killed Maurice
  6517 | D:9      | Gained mutation: You have hoof-like feet. [demonic
                  | ancestry]
  6517 | D:9      | Reached XP level 11. HP: 95/95 MP: 11/11
  6731 | D:9      | Killed a two-headed ogre
  6937 | D:10     | Entered Level 10 of the Dungeon
  7140 | D:10     | Noticed a two-headed ogre
  7148 | D:10     | Killed a two-headed ogre
  7148 | D:10     | Received a gift from Trog
  7442 | D:10     | Noticed Nergalle
  7453 | D:10     | Killed Nergalle
  7605 | D:10     | Noticed Josephine
  7614 | D:10     | Killed Josephine
  7710 | D:11     | Noticed Erica
  7726 | D:11     | Killed Erica
  7843 | D:11     | Gained mutation: You regenerate health from kills. [demonic
                  | ancestry]
  7843 | D:11     | Reached XP level 12. HP: 106/106 MP: 12/12
  7843 | D:11     | Found a staircase to the Orcish Mines.
  8194 | D:11     | Noticed a two-headed ogre
  8205 | D:11     | Killed a two-headed ogre
  8354 | D:11     | Noticed a two-headed ogre
  8361 | D:11     | Killed a two-headed ogre
  8362 | D:11     | Reached skill level 10 in Fighting
  8654 | D:11     | Noticed a four-headed hydra
  8660 | D:11     | Killed a four-headed hydra
  9236 | D:12     | Noticed Erolcha
  9244 | D:12     | Killed Erolcha
  9288 | D:12     | Noticed a centaur warrior
  9298 | D:12     | Killed a centaur warrior
  9300 | D:12     | Received a gift from Trog
  9737 | D:13     | Noticed Frances
  9751 | D:13     | Killed Frances
  9812 | D:13     | Noticed a boulder beetle
  9824 | D:13     | Killed a boulder beetle
  9929 | D:13     | Reached XP level 13. HP: 85/114 MP: 13/13
 10028 | D:13     | Reached skill level 10 in Axes
 10130 | D:13     | Found a gate to the Vaults.
 10137 | D:13     | Reached skill level 10 in Dodging
 10140 | D:13     | Reached skill level 10 in Armour
 10449 | D:14     | Found a stormy altar of Qazlal.
 10580 | D:14     | Identified Roxanne's Tome of the Mountains
 10580 | D:14     | Noticed Roxanne
 10597 | D:14     | Killed Roxanne
 11057 | D:14     | Found Keunam's Neck Hole.
 11147 | D:14     | Bought a scarf of resistance for 416 gold pieces
 11185 | D:14     | Identified a scroll of acquirement
 11186 | D:14     | Acquired a +4 battleaxe of electrocution
 11240 | D:15     | Entered Level 15 of the Dungeon
 11816 | D:15     | Gained mutation: You have hooves in place of feet. [demonic
                  | ancestry]
 11816 | D:15     | Reached XP level 14. HP: 125/125 MP: 14/14
 11818 | D:15     | Noticed a fire giant
 11821 | D:15     | Found a staircase to the Depths.
 11832 | D:15     | Killed a fire giant
 12065 | D:15     | Identified the +1 robe "Elusepp" {*Corrode rPois rF+ rC+++
                  | Stlth+}
 12265 | Orc:1    | Entered Level 1 of the Orcish Mines
 12284 | Orc:1    | Reached skill level 10 in Evocations
 12505 | Orc:1    | Found Zopp's Armour Shoppe.
 12795 | Orc:2    | Entered Level 2 of the Orcish Mines
 12977 | Orc:2    | Found a shimmering blue altar of Sif Muna.
 13095 | Orc:2    | Found Hoecsizot's Armour Shop.
 13366 | Orc:2    | Found a staircase to the Elven Halls.
 13392 | Orc:2    | Noticed an orc warlord
 13400 | Orc:2    | Received a gift from Trog
 13404 | Orc:2    | Killed an orc warlord
 13415 | Orc:2    | Found Kokaolael's Antique Weapon Boutique.
 13417 | Orc:2    | Found Uvafudia's Antique Armour Shop.
 13449 | Orc:2    | Bought a smelly scale mail for 252 gold pieces
 13449 | Orc:2    | Identified the +0 scale mail "Ulujewnu" {Drain rF+ Regen+}
                  | (You bought it in a shop on level 2 of the Orcish Mines)
 13601 | Orc:2    | Found Kogis's Magic Scroll Shop.
 13616 | Orc:2    | Bought a scroll of identify for 30 gold pieces
 13616 | Orc:2    | Bought a scroll of identify for 30 gold pieces
 13616 | Orc:2    | Bought a scroll of identify for 30 gold pieces
 13616 | Orc:2    | Bought a scroll of identify for 30 gold pieces
 13616 | Orc:2    | Bought a scroll of identify for 30 gold pieces
 13616 | Orc:2    | Bought a scroll of identify for 30 gold pieces
 13793 | Lair:1   | Entered Level 1 of the Lair of Beasts
 14665 | Lair:2   | Found a staircase to the Shoals.
 14943 | Lair:2   | You fall into a shaft and drop 1 floor!
 14945 | Lair:3   | Received a gift from Trog
 15253 | Lair:3   | You fall into a shaft and drop 1 floor!
 15288 | Lair:4   | Found a staircase to the Snake Pit.
 15587 | Lair:4   | Reached ****** piety under Trog
 15937 | Lair:3   | Found a runed translucent door.
 15951 | Lair:3   | Noticed Malachi's ghost (journeyman TrMo)
 16122 | Lair:3   | Identified the +4 spear of Urgency {freeze, rF+ Str+4
                  | Int+4}
 16667 | Lair:5   | Found the +3 pair of gauntlets of War {Slay+5}
 16672 | Lair:5   | Gained mutation: Your movements are less encumbered by
                  | armour. (ER -4) [demonic ancestry]
 16672 | Lair:5   | Reached XP level 15. HP: 134/134 MP: 15/15
 16855 | Lair:5   | Found a staircase to the Slime Pits.
 17143 | Lair:5   | Noticed Sonja
 17150 | Lair:5   | Killed Sonja
 17308 | Lair:5   | Found a runed translucent door.
 17318 | Lair:5   | Identified the +0 ring mail of the Morning {rF- Int+3}
 17371 | Lair:6   | Entered Level 6 of the Lair of Beasts
 17484 | Lair:6   | Noticed Kirke
 17492 | Lair:6   | Killed Kirke
 17903 | Lair:6   | Received a gift from Trog
 18409 | Shoals:1 | Entered Level 1 of the Shoals
 18783 | Shoals:1 | Reached XP level 16. HP: 72/142 MP: 16/16
 18863 | Shoals:1 | Noticed a kraken
 18870 | Shoals:1 | Killed a kraken
 19501 | Shoals:2 | Found Ywnekhout's Antique Armour Boutique.
 19596 | Shoals:2 | Noticed a kraken
 19608 | Shoals:2 | Killed a kraken
 20584 | Shoals:3 | Received a gift from Trog
 20893 | Shoals:3 | Identified the +1 scale mail of the Komodo Dragon {Str+4}
 21460 | Shoals:4 | Entered Level 4 of the Shoals
 21469 | Shoals:4 | HP: 8/217 [faun[a satyr] (15)]
 21470 | Shoals:4 | Slain by a faun

Illustrated notes

Levels and vault maps discovered:
D:1:      mushboom_english_gardens, layout_basic, hangedman_decor_diamond_cutter
D:2:      layout_loops_ring, basic_altar
D:3:      layout_loops_cross, nicolae_overflow_hidden_temple, serial_shops,
          nicolae_shop_behind_doors, grunt_ministairs_15, uniq_sigmund,
          uniq_grinder
D:4:      layout_rooms, temple_statues, ebering_ghost_sewer_f,
          minmay_misc_feat_x, uniq_natasha
D:5:      layout_loops_cross
D:6:      minmay_chambers_of_sixes, layout_gridville, minmay_checkerbox,
          uniq_pikel
D:7:      layout_rooms, pf_just_have_faith, mainiacjoe_overflow_alcove_3,
          minitemple, minmay_starry_boxes
D:8:      layout_loops_ring, erik_lair_orcish_takeover, serial_shops, shop,
          shop, shop, shop, shop, hangedman_glass_teeth
D:9:      layout_roguey, serial_bayou_pond_d, item_on_display_a, uniq_maurice
D:10:     layout_roguey, uniq_nergalle, uniq_josephine
D:11:     layout_stronghold, zombieorc1_lemuel, serial_bayou_crossing,
          uniq_erica
D:12:     layout_rooms, serial_aquarium, aquarium_bridge_island_small
          [aquarium_subvault_small_open, aquarium_subvault_bridge,
          aquarium_subvault_bridge, aquarium_subvault_wall,
          aquarium_subvault_bridge], aquarium_bridge_square
          [aquarium_subvault_bridge, aquarium_subvault_wall,
          aquarium_subvault_wall, aquarium_subvault_wall], aquarium_window_fake,
          aquarium_window_corridor_3, aquarium_window_fake, aquarium_window_2,
          aquarium_view_2b, aquarium_balcony_double_4, aquarium_pool_side,
          chequers_serial_rivers_small_b, uniq_erolcha
D:13:     layout_small_grid, grunt_vaults_entry_tiered, feat_on_display,
          uniq_frances
D:14:     layout_loops_cross, nicolae_qazlal_style_of_elements,
          nicolae_shop_sticking_my_neck_out, uniq_roxanne
D:15:     grunt_enter_depths_giant_problem, layout_layer_cave,
          minmay_misc_feat_five, minmay_three_doors
Lair:1:   layout_regular_city, serial_bayou_shore_b, lemuel_fruit_fields
Lair:2:   layout_cellular_growth, minmay_shoals_entry_beasts
Lair:3:   layout_misc_corridors, ebering_ghost_funeral_grove,
          grunt_megastairs_4, infiniplex_staircase_pool
Lair:4:   layout_big_grid, guppyfry_snake_entry_island, serial_bayou_shore_b
Lair:5:   layout_gridlike, nicolae_slime_entry_slimehenge, pf_torpor_hydra,
          uniq_sonja
Lair:6:   grunt_lair_end_beastmaster, layout_regular_city, serial_bayou_shore_a,
          grunt_megastairs_2, uniq_kirke
Shoals:1: layout_shoals
Shoals:2: cheibrodos_shoals_baths, layout_shoals, serial_shops,
          nicolae_lakefront_shop
Shoals:3: layout_shoals
Shoals:4: shoals_end_grunt_ice, layout_shoals, uniq_polyphemus
Orc:1:    layout_caves, serial_shops, shop
Orc:2:    grunt_orc_community_town_hall, layout_caves,
          grunt_orc_community_big_house_1, grunt_orc_community_big_house_1,
          grunt_orc_community_house_2, grunt_orc_community_house_1,
          grunt_orc_community_house_2, grunt_orc_community_house_1,
          grunt_orc_community_house_1, led_sif_book

Skill      XL: |  1  2  3  4  5  6  7  8  9 10 11 12 13 14 15 16 |
---------------+-------------------------------------------------+-----
Dodging        | 2 3 4 5 6 7 8 9 10 11 12 | 12.9
Armour         | 2 3 4 5 6 7 8 9 10 11 12 | 12.8
Axes           | 3 4 5 6 7 9 10 11 12 13 | 13.0
Fighting       | 4 5 6 7 8 9 10 11 12 13 | 13.9
Evocations     | 3 5 7 8 9 11 12 | 12.6

Action                   |  1- 3 |  4- 6 |  7- 9 | 10-12 | 13-15 | 16-18 || total
-------------------------+-------+-------+-------+-------+-------+-------++-------
Melee: Hand axe          |   109 |   148 |   275 |       |       |       ||   532
       Kick              |       |    28 |   106 |   202 |   240 |    67 ||   643
       War axe           |       |       |    29 |   200 |       |       ||   229
       Battleaxe         |       |       |       |   288 |   337 |       ||   625
       Executioner's axe |       |       |       |       |   283 |   153 ||   436
Invok: Berserk           |     3 |     2 |     5 |     9 |    10 |     3 ||    32
       Trog's Hand       |       |     1 |     7 |     9 |    10 |     3 ||    30
       Brothers in Arms  |       |       |     2 |     1 |     4 |       ||     7
Evoke: Wand              |       |       |       |     4 |    10 |     3 ||    17
       Condenser vane    |       |       |       |       |     3 |     1 ||     4
       Box of beasts     |       |       |       |       |     2 |       ||     2
  Use: Scroll            |     7 |     1 |     5 |    12 |    10 |     3 ||    38
       Potion            |     1 |       |     8 |     3 |     5 |       ||    17
 Stab: Distracted        |       |       |       |       |     2 |       ||     2
Armor: Ring mail         |    62 |    64 |   158 |   151 |   261 |    14 ||   710
       Pearl dragon scal |       |       |       |       |       |    91 ||    91
Dodge: Dodged            |   100 |   105 |   256 |   408 |   905 |   234 ||  2008
